Avalanche vs Lightning

Created - 22 mars 2019 at 23:09

Goals
1 2 3 T
Avalanche 1 1 0 2
Lightning 0 0 0 0
Shots
1 2 3 T
Avalanche 14 4 12 30
Lightning 21 17 16 54

1st period

1. Avalanche , Ryan Dzingel 15 (Henrik Sedin 13, Chris Tanev 11) at 6:57 (PP)

Penalties :
Chris Kunitz (TBL) for Slashing (Minor) at 6:08, Kevin Shattenkirk (TBL) for Holding (Minor) at 12:44, Matt Grzelcyk (COL) for High sticking (Minor) at 15:09, David Schlemko (TBL) for Tripping (Minor) at 19:24

2nd period

2. Avalanche , Tomas Hertl 18 (Alexander Steen 17, Chris Tanev 12) at 9:31

Penalties :
Mitch Marner (COL) for Hooking (Minor) at 3:20, Chris Kunitz (TBL) for High sticking (Minor) at 10:14

3rd period

No Goal

Penalties :
Dylan Larkin (COL) for Holding (Minor) at 13:22

Goalie Stats

Jake Allen (COL), 54 saves from 54 shots - (1.000), W, 19-22-5, 60:00 minutes
Kari Lehtonen (TBL), 28 saves from 30 shots - (0.933), L, 26-20-7, 60:00 minutes

Players Stats for Avalanche

Player Name              G  A  P  +/- PIM S  H  SB GA TA FO     MP     PP MP  PK MP  
------------------------------------------------------------------------------------
Alexander Steen          0  1  1   1  0   2  1  1  0  0  0/6    18:58   3:33   1:21 
Alexandre Burrows        0  0  0   0  0   0  1  0  0  0  0/4    10:20   0:00   0:52 
Andrew MacDonald         0  0  0   0  0   0  0  1  0  0  0/0    12:27   0:00   0:00 
Chris Tanev              0  2  2   1  0   2  2  0  0  0  0/0    22:27   3:16   2:18 
David Krejci             0  0  0   0  0   1  0  0  0  0  5/15   13:10   0:00   1:12 
Derek Stepan             0  0  0   0  0   2  1  0  0  0  9/18   12:59   0:00   1:12 
Dylan Larkin             0  0  0   1  2   1  1  1  0  0  16/32  20:22   3:33   2:46 
Henrik Sedin             0  1  1   0  0   2  0  0  0  0  9/21   12:41   3:13   0:00 
Jaccob Slavin            0  0  0   0  0   2  2  1  0  0  0/0    25:06   3:30   3:39 
Mats Zuccarello          0  0  0   0  0   3  4  0  0  0  1/2    11:47   0:00   0:00 
Matt Grzelcyk            0  0  0   0  2   1  4  0  0  0  0/0    12:26   0:00   0:00 
Mitch Marner             0  0  0   0  2   1  0  0  0  0  1/3    15:10   3:13   0:00 
Ryan Dzingel             1  0  1   0  0   2  0  0  0  0  0/1    15:11   3:13   0:00 
Sami Vatanen             0  0  0   0  0   3  5  1  0  0  0/0    25:06   3:30   3:39 
Sonny Milano             0  0  0   0  0   0  0  0  0  0  0/0    11:57   0:00   0:10 
Tomas Hertl              1  0  1   1  0   6  1  0  0  0  1/2    21:58   3:33   4:21 
Troy Stecher             0  0  0   1  0   1  5  2  0  0  0/0    22:27   3:16   2:18 
Ty Rattie                0  0  0   0  0   1  0  0  0  0  0/1     9:28   0:00   0:00 

Players Stats for Lightning

Player Name              G  A  P  +/- PIM S  H  SB GA TA FO     MP     PP MP  PK MP  
------------------------------------------------------------------------------------
Andrej Sekera            0  0  0  -1  0   1  5  1  0  0  0/0    21:23   2:57   0:00 
Brad Malone              0  0  0   0  0   0  1  0  0  0  0/0     5:25   0:00   0:20 
Chris Kunitz             0  0  0   0  4   2  2  0  0  0  0/1    11:09   0:00   1:01 
David Schlemko           0  0  0   0  2   3  0  0  0  0  0/0    12:31   0:00   0:43 
Deryk Engelland          0  0  0   0  0   1  2  2  0  0  0/0    18:26   3:00   3:37 
Drew Stafford            0  0  0   0  0   0  0  0  0  0  0/0     6:02   0:00   0:57 
Erik Gudbranson          0  0  0   0  0   1  2  0  0  0  0/0    20:57   0:00   3:55 
Gabriel Carlsson         0  0  0   0  0   0  0  0  0  0  0/0     0:00   0:00   0:00 
Henrik Zetterberg        0  0  0  -1  0   3  1  0  0  0  21/37  23:57   2:41   2:02 
Jeff Carter              0  0  0   0  0   5  2  0  0  0  22/35  21:09   3:16   0:00 
Johnny Gaudreau          0  0  0   0  0   10 1  0  0  0  1/1    21:09   3:16   0:00 
Kevin Shattenkirk        0  0  0  -1  2   2  3  1  0  0  0/0    25:42   2:57   2:26 
Logan Couture            0  0  0   0  0   4  0  0  0  0  0/2    21:09   3:16   0:00 
Matt Hendricks           0  0  0   0  0   3  1  0  0  0  1/1    10:10   0:00   0:00 
Michael Grabner          0  0  0  -1  0   8  1  0  0  0  1/1    21:18   2:41   4:28 
Patric Hornqvist         0  0  0  -1  0   3  5  0  0  0  0/1    16:50   2:41   0:00 
Travis Zajac             0  0  0   0  0   4  2  0  0  0  17/26  14:54   0:00   4:44 
Trevor Daley             0  0  0   0  0   4  0  3  0  0  0/0    20:59   3:00   2:51 

3 Stars

1 - Jake Allen (COL)
2 - Chris Tanev (COL)
3 - Tomas Hertl (COL)

Power Play

Avalanche - 1 on 4 Attempt(s) - 25.00%
Lightning - 0 on 3 Attempt(s) - 0.00%

Penalty Kill

Avalanche - 3 on 3 Attempt(s) - 100.00% - Score 0 goal in Penalty Kill
Lightning - 3 on 4 Attempt(s) - 75.00% - Score 0 goal in Penalty Kill

Team Stat

Avalanche - Hits : 27 - Faceoff Wins : 42 - Blocked Shots : 7 - Penalty Minutes : 6
Lightning - Hits : 28 - Faceoff Wins : 63 - Blocked Shots : 7 - Penalty Minutes : 8

Official

Referees : Mike Hasenfratz and Francois StLaurent
Linesman : Brian Mach and Tony Sericolo

Game Notes

No Game Note

Finance

Level 1 -- Attendance: 6261 (96.32%) -- Ticket Income 688 710 $
Level 2 -- Attendance: 3752 (75.04%) -- Ticket Income 356 440 $
Level 3 -- Attendance: 2326 (66.46%) -- Ticket Income 174 450 $
Level 4 -- Attendance: 2183 (68.13%) -- Ticket Income 98 235 $
Luxury Box -- Attendance: 472 (47.20%) -- Ticket Income 169 920 $
Game was played at the Amalie Arena.
Total Attendance: 14994 (78.08%)
Total Ticket Income: 1 487 755 $
Other Income: 729 000 $
Total Income: 2 216 755 $

% Time on Ice - Avalanche

Lines # - Real PCT - Wanted PCT - Time Play
Normal Forward
1 - 30% - 30% - 14:04
2 - 25% - 25% - 11:58
3 - 25% - 25% - 11:47
4 - 20% - 20% - 9:28
Normal Defense
1 - 36% - 40% - 16:57
2 - 36% - 30% - 16:53
3 - 26% - 20% - 12:27
4 - 2% - 10% - 1:00
PP Forward
1 - 52% - 60% - 3:33
2 - 48% - 40% - 3:13
PP Defense
1 - 52% - 60% - 3:30
2 - 48% - 40% - 3:16
PK Forward
1 - 80% - 60% - 4:45
2 - 20% - 40% - 1:12
PK Defense
1 - 61% - 60% - 3:39
2 - 39% - 40% - 2:18
PK3 Forward
1 - 0% - 60%
2 - 0% - 40%
PK3 Defense
1 - 0% - 60%
2 - 0% - 40%
44 Forward
1 - 0% - 60%
2 - 0% - 40%
44 Defense
1 - 0% - 60%
2 - 0% - 40%
Last Minute Offensive  - 0:00
Last Minute Defensive  - 0:00
Total
Forward - 60:00
Defense - 60:00

% Time on Ice - Lightning

Lines # - Real PCT - Wanted PCT - Time Play
Normal Forward
1 - 38% - 37% - 17:53
2 - 30% - 33% - 14:09
3 - 22% - 17% - 10:10
4 - 11% - 13% - 5:05
Normal Defense
1 - 39% - 40% - 18:26
2 - 32% - 30% - 15:08
3 - 25% - 20% - 11:49
4 - 4% - 10% - 1:54
PP Forward
1 - 55% - 55% - 3:16
2 - 45% - 45% - 2:41
PP Defense
1 - 50% - 55% - 2:57
2 - 50% - 45% - 3:00
PK Forward
1 - 70% - 60% - 4:44
2 - 30% - 40% - 2:02
PK Defense
1 - 58% - 60% - 3:55
2 - 42% - 40% - 2:51
PK3 Forward
1 - 0% - 60%
2 - 0% - 40%
PK3 Defense
1 - 0% - 60%
2 - 0% - 40%
44 Forward
1 - 0% - 60%
2 - 0% - 40%
44 Defense
1 - 0% - 60%
2 - 0% - 40%
Last Minute Offensive  - 0:00
Last Minute Defensive  - 0:00
Total
Forward - 60:00
Defense - 60:00

Play-by-Play

1st period


0:01 of 1st period - Dylan Larkin wins face-off versus Jeff Carter in neutral zone.
0:04 of 1st period - Shot by Tomas Hertl.
0:04 of 1st period - Shot Blocked by Kevin Shattenkirk.
0:36 of 1st period - Shot by Jeff Carter.
0:36 of 1st period - Stopped by Jake Allen without a rebound.
0:37 of 1st period - Michael Grabner wins face-off versus David Krejci in Avalanche zone.
0:46 of 1st period - Shot by Michael Grabner.
0:46 of 1st period - Stopped by Jake Allen without a rebound.
0:47 of 1st period - Travis Zajac wins face-off versus Derek Stepan in Avalanche zone.
0:50 of 1st period - Shot by Matt Hendricks.
0:50 of 1st period - Stopped by Jake Allen without a rebound.
0:51 of 1st period - Henrik Sedin wins face-off versus Henrik Zetterberg in Avalanche zone.
0:51 of 1st period - Henrik Sedin is hit by Patric Hornqvist.
1:09 of 1st period - Shot by Michael Grabner.
1:09 of 1st period - Stopped by Jake Allen without a rebound.
1:10 of 1st period - Travis Zajac wins face-off versus Derek Stepan in Avalanche zone.
1:11 of 1st period - Shot by Matt Hendricks.
1:11 of 1st period - Stopped by Jake Allen without a rebound.
1:12 of 1st period - Derek Stepan wins face-off versus Henrik Zetterberg in Avalanche zone.
2:20 of 1st period - Icing by Jaccob Slavin.
2:21 of 1st period - Jeff Carter wins face-off versus David Krejci in Avalanche zone.
2:24 of 1st period - Shot by Johnny Gaudreau.
2:24 of 1st period - Stopped by Jake Allen with a rebound.
2:40 of 1st period - Shot by Mitch Marner.
2:40 of 1st period - Stopped by Kari Lehtonen without a rebound.
2:41 of 1st period - Travis Zajac wins face-off versus Henrik Sedin in Lightning zone.
2:53 of 1st period - Henrik Sedin is hit by Deryk Engelland and loses puck.
3:16 of 1st period - Shot by David Schlemko.
3:16 of 1st period - Stopped by Jake Allen without a rebound.
3:17 of 1st period - Jeff Carter wins face-off versus Dylan Larkin in Avalanche zone.
3:19 of 1st period - Johnny Gaudreau is hit by Sami Vatanen and loses puck.
3:35 of 1st period - Icing by Kevin Shattenkirk.
3:36 of 1st period - Derek Stepan wins face-off versus Jeff Carter in Lightning zone.
3:55 of 1st period - Shot by Mats Zuccarello.
3:55 of 1st period - Shot Blocked by Andrej Sekera.
3:57 of 1st period - Shot by Mats Zuccarello.
3:57 of 1st period - Shot Misses the Net.
4:22 of 1st period - Icing by Andrej Sekera.
4:23 of 1st period - Dylan Larkin wins face-off versus Jeff Carter in Lightning zone.
4:38 of 1st period - Sami Vatanen is hit by Jeff Carter and loses puck.
5:05 of 1st period - Shot by Tomas Hertl.
5:05 of 1st period - Stopped by Kari Lehtonen without a rebound.
5:06 of 1st period - Henrik Zetterberg wins face-off versus David Krejci in Lightning zone.
5:17 of 1st period - Shot by Ryan Dzingel.
5:17 of 1st period - Stopped by Kari Lehtonen with a rebound.
5:27 of 1st period - Shot by Ryan Dzingel.
5:27 of 1st period - Shot Blocked by Trevor Daley.
6:07 of 1st period - Troy Stecher is hit by Travis Zajac and loses puck.
6:08 of 1st period - Minor Penalty to Chris Kunitz for Slashing.
6:09 of 1st period - Dylan Larkin wins face-off versus Travis Zajac in Lightning zone.
6:33 of 1st period - Shot by Sami Vatanen.
6:33 of 1st period - Stopped by Kari Lehtonen without a rebound.
6:34 of 1st period - Henrik Sedin wins face-off versus Travis Zajac in Lightning zone.
6:53 of 1st period - Shot by Henrik Sedin.
6:53 of 1st period - Shot Blocked by Trevor Daley.
6:57 of 1st period - Shot by Ryan Dzingel.
6:57 of 1st period - Goal by Ryan Dzingel - Avalanche : 1 - Lightning : 0.
6:58 of 1st period - Dylan Larkin wins face-off versus Henrik Zetterberg in neutral zone.
7:09 of 1st period - Shot by Henrik Zetterberg.
7:09 of 1st period - Shot Misses the Net.
7:11 of 1st period - Shot by David Schlemko.
7:11 of 1st period - Stopped by Jake Allen without a rebound.
7:12 of 1st period - Jeff Carter wins face-off versus Derek Stepan in Avalanche zone.
7:24 of 1st period - Icing by Chris Tanev.
7:25 of 1st period - Henrik Zetterberg wins face-off versus Derek Stepan in Avalanche zone.
7:44 of 1st period - Henrik Zetterberg is hit by Troy Stecher and loses puck.
7:48 of 1st period - Icing by Troy Stecher.
7:49 of 1st period - Derek Stepan wins face-off versus Travis Zajac in Avalanche zone.
8:09 of 1st period - Travis Zajac is hit by Troy Stecher and loses puck.
8:21 of 1st period - Travis Zajac is hit by Troy Stecher and loses puck.
8:24 of 1st period - Shot by Travis Zajac.
8:24 of 1st period - Stopped by Jake Allen with a rebound.
8:26 of 1st period - Shot by David Schlemko.
8:26 of 1st period - Shot Blocked by Troy Stecher.
8:45 of 1st period - Icing by Trevor Daley.
8:46 of 1st period - Dylan Larkin wins face-off versus Henrik Zetterberg in Lightning zone.
9:06 of 1st period - Alexander Steen is hit by Erik Gudbranson and loses puck.
9:12 of 1st period - Dylan Larkin is hit by Erik Gudbranson and loses puck.
9:51 of 1st period - Shot by Logan Couture.
9:51 of 1st period - Stopped by Jake Allen with a rebound.
10:09 of 1st period - Shot by Johnny Gaudreau.
10:09 of 1st period - Stopped by Jake Allen without a rebound.
10:10 of 1st period - Travis Zajac wins face-off versus Henrik Sedin in Avalanche zone.
10:10 of 1st period - Deryk Engelland is hit by Jaccob Slavin and loses puck.
10:23 of 1st period - Shot by Travis Zajac.
10:23 of 1st period - Stopped by Jake Allen without a rebound.
10:24 of 1st period - Dylan Larkin wins face-off versus Logan Couture in Avalanche zone.
10:35 of 1st period - Off-side.
10:36 of 1st period - Matt Hendricks wins face-off versus Henrik Sedin in neutral zone.
10:36 of 1st period - Matt Hendricks is hit by Alexandre Burrows.
10:59 of 1st period - Icing by Matt Grzelcyk.
11:00 of 1st period - Jeff Carter wins face-off versus Alexandre Burrows in Avalanche zone.
11:00 of 1st period - Jeff Carter is hit by Matt Grzelcyk.
11:02 of 1st period - Shot by Logan Couture.
11:02 of 1st period - Stopped by Jake Allen without a rebound.
11:03 of 1st period - Henrik Zetterberg wins face-off versus David Krejci in Avalanche zone.
11:23 of 1st period - Michael Grabner is hit by Jaccob Slavin and loses puck.
11:26 of 1st period - Shot by Erik Gudbranson.
11:26 of 1st period - Stopped by Jake Allen with a rebound.
11:28 of 1st period - Shot by Kevin Shattenkirk.
11:28 of 1st period - Stopped by Jake Allen with a rebound.
11:30 of 1st period - Shot by Patric Hornqvist.
11:30 of 1st period - Shot Misses the Net.
12:28 of 1st period - Shot by Tomas Hertl.
12:28 of 1st period - Deflect By Alexander Steen.
12:28 of 1st period - Shot Misses the Net.
12:30 of 1st period - Shot by Chris Tanev.
12:30 of 1st period - Shot Blocked by Deryk Engelland.
12:32 of 1st period - Shot by Chris Tanev.
12:32 of 1st period - Stopped by Kari Lehtonen without a rebound.
12:33 of 1st period - Henrik Sedin wins face-off versus Travis Zajac in Lightning zone.
12:33 of 1st period - Henrik Sedin is hit by Andrej Sekera.
12:35 of 1st period - Shot by Ty Rattie.
12:35 of 1st period - Stopped by Kari Lehtonen without a rebound.
12:36 of 1st period - Henrik Sedin wins face-off versus Travis Zajac in Lightning zone.
12:37 of 1st period - Shot by Matt Grzelcyk.
12:37 of 1st period - Shot Misses the Net.
12:39 of 1st period - Shot by Alexandre Burrows.
12:39 of 1st period - Shot Misses the Net.
12:41 of 1st period - Shot by Henrik Sedin.
12:41 of 1st period - Stopped by Kari Lehtonen with a rebound.
12:43 of 1st period - Shot by Matt Grzelcyk.
12:43 of 1st period - Stopped by Kari Lehtonen without a rebound.
12:44 of 1st period - Mats Zuccarello wins face-off versus Henrik Zetterberg in Lightning zone.
12:44 of 1st period - Minor Penalty to Kevin Shattenkirk for Holding.
12:45 of 1st period - Travis Zajac wins face-off versus Dylan Larkin in Lightning zone.
12:45 of 1st period - Travis Zajac is hit by Dylan Larkin.
13:05 of 1st period - Shot by Dylan Larkin.
13:05 of 1st period - Shot Hit the Post.
13:07 of 1st period - Shot by Tomas Hertl.
13:07 of 1st period - Stopped by Kari Lehtonen without a rebound.
13:08 of 1st period - Travis Zajac wins face-off versus Henrik Sedin in Lightning zone.
13:30 of 1st period - Off-side.
13:31 of 1st period - Travis Zajac wins face-off versus Alexander Steen in neutral zone.
14:04 of 1st period - Shot by Sami Vatanen.
14:04 of 1st period - Stopped by Kari Lehtonen without a rebound.
14:05 of 1st period - Henrik Sedin wins face-off versus Travis Zajac in Lightning zone.
14:18 of 1st period - Shot by Chris Tanev.
14:18 of 1st period - Stopped by Kari Lehtonen with a rebound.
14:20 of 1st period - Shot by Troy Stecher.
14:20 of 1st period - Stopped by Kari Lehtonen without a rebound.
14:21 of 1st period - Dylan Larkin wins face-off versus Henrik Zetterberg in Lightning zone.
14:58 of 1st period - Off-side.
14:59 of 1st period - Henrik Zetterberg wins face-off versus Derek Stepan in neutral zone.
15:01 of 1st period - Kevin Shattenkirk is hit by Mats Zuccarello and loses puck.
15:08 of 1st period - Shot by Henrik Zetterberg.
15:08 of 1st period - Shot Blocked by Andrew MacDonald.
15:09 of 1st period - Minor Penalty to Matt Grzelcyk for High sticking.
15:10 of 1st period - Jeff Carter wins face-off versus Dylan Larkin in Avalanche zone.
15:13 of 1st period - Shot by Trevor Daley.
15:13 of 1st period - Stopped by Jake Allen without a rebound.
15:14 of 1st period - Jeff Carter wins face-off versus Dylan Larkin in Avalanche zone.
15:31 of 1st period - Shot by Tomas Hertl.
15:31 of 1st period - Stopped by Kari Lehtonen with a rebound.
16:24 of 1st period - Shot by Henrik Zetterberg.
16:24 of 1st period - Stopped by Jake Allen with a rebound.
16:37 of 1st period - Shot by Trevor Daley.
16:37 of 1st period - Stopped by Jake Allen with a rebound.
16:39 of 1st period - Shot by Trevor Daley.
16:39 of 1st period - Shot Misses the Net.
16:41 of 1st period - Shot by Deryk Engelland.
16:41 of 1st period - Shot Blocked by Dylan Larkin.
16:43 of 1st period - Shot by Michael Grabner.
16:43 of 1st period - Stopped by Jake Allen without a rebound.
16:44 of 1st period - Dylan Larkin wins face-off versus Jeff Carter in Avalanche zone.
17:40 of 1st period - Shot by Matt Hendricks.
17:40 of 1st period - Stopped by Jake Allen without a rebound.
17:41 of 1st period - Henrik Zetterberg wins face-off versus David Krejci in Avalanche zone.
17:42 of 1st period - Shot by Patric Hornqvist.
17:42 of 1st period - Shot Misses the Net.
17:55 of 1st period - Deryk Engelland is hit by Troy Stecher and loses puck.
18:01 of 1st period - Henrik Zetterberg is hit by Troy Stecher and loses puck.
18:05 of 1st period - Henrik Zetterberg is hit by Chris Tanev.
18:07 of 1st period - Shot by Michael Grabner.
18:07 of 1st period - Stopped by Jake Allen without a rebound.
18:08 of 1st period - Jeff Carter wins face-off versus Derek Stepan in Avalanche zone.
18:22 of 1st period - Johnny Gaudreau is hit by Sami Vatanen and loses puck.
18:27 of 1st period - Shot by Jeff Carter.
18:27 of 1st period - Shot Misses the Net.
19:24 of 1st period - Minor Penalty to David Schlemko for Tripping.
19:25 of 1st period - Travis Zajac wins face-off versus Henrik Sedin in Lightning zone.
19:34 of 1st period - Shot by Ryan Dzingel.
19:34 of 1st period - Shot Blocked by Trevor Daley.
Goals for this period are 1 for Avalanche vs 0 for Lightning.
Shots for this period are 14 for Avalanche vs 21 for Lightning.

2nd period


0:01 of 2nd period - Travis Zajac wins face-off versus Alexander Steen in neutral zone.
0:30 of 2nd period - Shot by Dylan Larkin.
0:30 of 2nd period - Shot Misses the Net.
1:09 of 2nd period - Icing by Chris Tanev.
1:10 of 2nd period - Henrik Sedin wins face-off versus Henrik Zetterberg in Avalanche zone.
1:43 of 2nd period - Shot by Johnny Gaudreau.
1:43 of 2nd period - Stopped by Jake Allen without a rebound.
1:44 of 2nd period - Dylan Larkin wins face-off versus Henrik Zetterberg in Avalanche zone.
1:44 of 2nd period - Dylan Larkin is hit by Brad Malone.
1:51 of 2nd period - Sami Vatanen is hit by Kevin Shattenkirk and loses puck.
2:14 of 2nd period - Shot by Alexander Steen.
2:14 of 2nd period - Shot Misses the Net.
2:23 of 2nd period - Kevin Shattenkirk is hit by Sami Vatanen.
2:59 of 2nd period - Icing by Troy Stecher.
3:00 of 2nd period - Jeff Carter wins face-off versus David Krejci in Avalanche zone.
3:20 of 2nd period - Minor Penalty to Mitch Marner for Hooking.
3:21 of 2nd period - Jeff Carter wins face-off versus Tomas Hertl in Avalanche zone.
3:22 of 2nd period - Shot by Logan Couture.
3:22 of 2nd period - Stopped by Jake Allen without a rebound.
3:23 of 2nd period - Dylan Larkin wins face-off versus Jeff Carter in Avalanche zone.
3:50 of 2nd period - Shot by Jeff Carter.
3:50 of 2nd period - Stopped by Jake Allen without a rebound.
3:51 of 2nd period - Henrik Zetterberg wins face-off versus Dylan Larkin in Avalanche zone.
4:06 of 2nd period - Shot by Henrik Zetterberg.
4:06 of 2nd period - Stopped by Jake Allen without a rebound.
4:07 of 2nd period - Jeff Carter wins face-off versus Dylan Larkin in Avalanche zone.
4:18 of 2nd period - Shot by Johnny Gaudreau.
4:18 of 2nd period - Stopped by Jake Allen without a rebound.
4:19 of 2nd period - Henrik Zetterberg wins face-off versus Dylan Larkin in Avalanche zone.
4:32 of 2nd period - Shot by Andrej Sekera.
4:32 of 2nd period - Shot Misses the Net.
6:29 of 2nd period - Shot by Johnny Gaudreau.
6:29 of 2nd period - Shot Blocked by Sami Vatanen.
6:31 of 2nd period - Shot by Jeff Carter.
6:31 of 2nd period - Stopped by Jake Allen with a rebound.
6:48 of 2nd period - Mitch Marner is hit by Andrej Sekera and loses puck.
6:54 of 2nd period - Icing by Henrik Zetterberg.
6:55 of 2nd period - Derek Stepan wins face-off versus Henrik Zetterberg in Lightning zone.
6:55 of 2nd period - Derek Stepan is hit by Kevin Shattenkirk.
7:09 of 2nd period - Shot by Michael Grabner.
7:09 of 2nd period - Stopped by Jake Allen with a rebound.
7:11 of 2nd period - Shot by Kevin Shattenkirk.
7:11 of 2nd period - Shot Misses the Net.
7:47 of 2nd period - Shot by Chris Kunitz.
7:47 of 2nd period - Stopped by Jake Allen without a rebound.
7:48 of 2nd period - Dylan Larkin wins face-off versus Jeff Carter in Avalanche zone.
8:11 of 2nd period - Off-side.
8:12 of 2nd period - David Krejci wins face-off versus Travis Zajac in neutral zone.
8:14 of 2nd period - Off-side.
8:15 of 2nd period - David Krejci wins face-off versus Henrik Zetterberg in neutral zone.
8:15 of 2nd period - David Krejci is hit by Patric Hornqvist.
8:21 of 2nd period - Shot by David Krejci.
8:21 of 2nd period - Stopped by Kari Lehtonen without a rebound.
8:22 of 2nd period - Henrik Zetterberg wins face-off versus Dylan Larkin in Lightning zone.
8:31 of 2nd period - Shot by Henrik Zetterberg.
8:31 of 2nd period - Stopped by Jake Allen without a rebound.
8:32 of 2nd period - Jeff Carter wins face-off versus Mitch Marner in Avalanche zone.
8:48 of 2nd period - Shot by Johnny Gaudreau.
8:48 of 2nd period - Stopped by Jake Allen without a rebound.
8:49 of 2nd period - Dylan Larkin wins face-off versus Patric Hornqvist in Avalanche zone.
8:51 of 2nd period - Icing by Tomas Hertl.
8:52 of 2nd period - Henrik Zetterberg wins face-off versus Dylan Larkin in Avalanche zone.
8:52 of 2nd period - Andrej Sekera is hit by Chris Tanev and loses puck.
9:27 of 2nd period - Shot by Dylan Larkin.
9:27 of 2nd period - Shot Misses the Net.
9:31 of 2nd period - Shot by Alexander Steen.
9:31 of 2nd period - Deflect By Tomas Hertl.
9:31 of 2nd period - Goal by Tomas Hertl - Avalanche : 2 - Lightning : 0.
9:32 of 2nd period - Henrik Sedin wins face-off versus Jeff Carter in neutral zone.
10:03 of 2nd period - Shot by Jaccob Slavin.
10:03 of 2nd period - Stopped by Kari Lehtonen without a rebound.
10:04 of 2nd period - Travis Zajac wins face-off versus Mats Zuccarello in Lightning zone.
10:14 of 2nd period - Minor Penalty to Chris Kunitz for High sticking.
10:15 of 2nd period - Travis Zajac wins face-off versus Dylan Larkin in Lightning zone.
11:07 of 2nd period - Henrik Zetterberg is hit by Tomas Hertl and loses puck.
11:34 of 2nd period - Icing by Jaccob Slavin.
11:35 of 2nd period - Travis Zajac wins face-off versus Henrik Sedin in Avalanche zone.
12:02 of 2nd period - Jaccob Slavin is hit by Henrik Zetterberg.
12:40 of 2nd period - Shot by Sonny Milano.
12:40 of 2nd period - Deflect By Mats Zuccarello.
12:40 of 2nd period - Shot Blocked by Deryk Engelland.
12:44 of 2nd period - Shot by Derek Stepan.
12:44 of 2nd period - Shot Misses the Net.
12:48 of 2nd period - Shot by Derek Stepan.
12:48 of 2nd period - Stopped by Kari Lehtonen without a rebound.
12:49 of 2nd period - Dylan Larkin wins face-off versus Chris Kunitz in Lightning zone.
13:02 of 2nd period - Shot by Travis Zajac.
13:02 of 2nd period - Shot Misses the Net.
13:12 of 2nd period - Shot by Travis Zajac.
13:12 of 2nd period - Shot Misses the Net.
13:20 of 2nd period - Shot by Travis Zajac.
13:20 of 2nd period - Shot Blocked by Troy Stecher.
14:05 of 2nd period - Shot by Henrik Zetterberg.
14:05 of 2nd period - Deflect By Patric Hornqvist.
14:05 of 2nd period - Shot Misses the Net.
14:50 of 2nd period - Shot by Johnny Gaudreau.
14:50 of 2nd period - Stopped by Jake Allen without a rebound.
14:51 of 2nd period - Henrik Sedin wins face-off versus Travis Zajac in Avalanche zone.
14:51 of 2nd period - Henrik Sedin is hit by Matt Hendricks.
14:56 of 2nd period - Icing by Alexandre Burrows.
14:57 of 2nd period - Travis Zajac wins face-off versus Henrik Sedin in Avalanche zone.
15:59 of 2nd period - Henrik Zetterberg is hit by Sami Vatanen and loses puck.
16:05 of 2nd period - Icing by Ryan Dzingel.
16:06 of 2nd period - Mitch Marner wins face-off versus Jeff Carter in Avalanche zone.
16:42 of 2nd period - Icing by Ryan Dzingel.
16:43 of 2nd period - David Krejci wins face-off versus Henrik Zetterberg in Avalanche zone.
16:43 of 2nd period - David Krejci is hit by Patric Hornqvist.
16:56 of 2nd period - Icing by Andrej Sekera.
16:57 of 2nd period - Henrik Zetterberg wins face-off versus Dylan Larkin in Lightning zone.
16:57 of 2nd period - Andrej Sekera is hit by Alexander Steen and loses puck.
17:44 of 2nd period - Shot by Jeff Carter.
17:44 of 2nd period - Shot Misses the Net.
17:46 of 2nd period - Shot by Logan Couture.
17:46 of 2nd period - Stopped by Jake Allen without a rebound.
17:47 of 2nd period - Travis Zajac wins face-off versus Derek Stepan in Avalanche zone.
17:50 of 2nd period - Shot by Travis Zajac.
17:50 of 2nd period - Stopped by Jake Allen with a rebound.
18:20 of 2nd period - Shot by Trevor Daley.
18:20 of 2nd period - Stopped by Jake Allen without a rebound.
18:21 of 2nd period - David Krejci wins face-off versus Jeff Carter in Avalanche zone.
18:32 of 2nd period - Sami Vatanen is hit by Johnny Gaudreau and loses puck.
18:39 of 2nd period - Shot by Johnny Gaudreau.
18:39 of 2nd period - Stopped by Jake Allen without a rebound.
18:40 of 2nd period - Henrik Zetterberg wins face-off versus Henrik Sedin in Avalanche zone.
18:43 of 2nd period - Shot by Patric Hornqvist.
18:43 of 2nd period - Stopped by Jake Allen without a rebound.
18:44 of 2nd period - Henrik Zetterberg wins face-off versus Dylan Larkin in Avalanche zone.
18:49 of 2nd period - Shot by Patric Hornqvist.
18:49 of 2nd period - Stopped by Jake Allen with a rebound.
Goals for this period are 1 for Avalanche vs 0 for Lightning.
Shots for this period are 4 for Avalanche vs 17 for Lightning.

3rd period


0:01 of 3rd period - Derek Stepan wins face-off versus Henrik Zetterberg in neutral zone.
0:12 of 3rd period - Shot by Mats Zuccarello.
0:12 of 3rd period - Stopped by Kari Lehtonen without a rebound.
0:13 of 3rd period - Dylan Larkin wins face-off versus Jeff Carter in Lightning zone.
0:34 of 3rd period - Icing by Trevor Daley.
0:35 of 3rd period - Henrik Sedin wins face-off versus Logan Couture in Lightning zone.
0:40 of 3rd period - Shot by Henrik Sedin.
0:40 of 3rd period - Shot Misses the Net.
0:42 of 3rd period - Shot by Sami Vatanen.
0:42 of 3rd period - Stopped by Kari Lehtonen without a rebound.
0:43 of 3rd period - David Krejci wins face-off versus Henrik Zetterberg in Lightning zone.
1:14 of 3rd period - Shot by Mitch Marner.
1:14 of 3rd period - Shot Misses the Net.
1:16 of 3rd period - Shot by Jaccob Slavin.
1:16 of 3rd period - Stopped by Kari Lehtonen with a rebound.
1:23 of 3rd period - Icing by Andrej Sekera.
1:24 of 3rd period - Derek Stepan wins face-off versus Henrik Zetterberg in Lightning zone.
1:31 of 3rd period - Shot by Mats Zuccarello.
1:31 of 3rd period - Stopped by Kari Lehtonen without a rebound.
1:32 of 3rd period - Jeff Carter wins face-off versus Ty Rattie in Lightning zone.
1:49 of 3rd period - Shot by Jeff Carter.
1:49 of 3rd period - Stopped by Jake Allen without a rebound.
1:50 of 3rd period - Travis Zajac wins face-off versus Derek Stepan in Avalanche zone.
1:55 of 3rd period - Shot by Travis Zajac.
1:55 of 3rd period - Stopped by Jake Allen without a rebound.
1:56 of 3rd period - Tomas Hertl wins face-off versus Jeff Carter in Avalanche zone.
2:03 of 3rd period - Shot by Tomas Hertl.
2:03 of 3rd period - Stopped by Kari Lehtonen without a rebound.
2:04 of 3rd period - Derek Stepan wins face-off versus Henrik Zetterberg in Lightning zone.
2:04 of 3rd period - Derek Stepan is hit by Andrej Sekera.
2:09 of 3rd period - Icing by Andrej Sekera.
2:10 of 3rd period - Henrik Zetterberg wins face-off versus Dylan Larkin in Lightning zone.
2:38 of 3rd period - Dylan Larkin is hit by Andrej Sekera and loses puck.
2:47 of 3rd period - Shot by Dylan Larkin.
2:47 of 3rd period - Deflect By Tomas Hertl.
2:47 of 3rd period - Stopped by Kari Lehtonen without a rebound.
2:48 of 3rd period - Jeff Carter wins face-off versus Derek Stepan in Lightning zone.
2:48 of 3rd period - Jeff Carter is hit by Derek Stepan.
3:00 of 3rd period - Shot by Jeff Carter.
3:00 of 3rd period - Stopped by Jake Allen without a rebound.
3:01 of 3rd period - Travis Zajac wins face-off versus Henrik Sedin in Avalanche zone.
3:05 of 3rd period - Travis Zajac is hit by Matt Grzelcyk and loses puck.
3:23 of 3rd period - Alexandre Burrows is hit by Deryk Engelland and loses puck.
4:06 of 3rd period - Logan Couture is hit by Matt Grzelcyk and loses puck.
4:11 of 3rd period - Shot by Jeff Carter.
4:11 of 3rd period - Deflect By Logan Couture.
4:11 of 3rd period - Shot Misses the Net.
4:13 of 3rd period - Shot by Kevin Shattenkirk.
4:13 of 3rd period - Shot Misses the Net.
5:01 of 3rd period - Shot by Derek Stepan.
5:01 of 3rd period - Stopped by Kari Lehtonen without a rebound.
5:02 of 3rd period - Henrik Zetterberg wins face-off versus Ryan Dzingel in Lightning zone.
5:46 of 3rd period - Off-side.
5:47 of 3rd period - Jeff Carter wins face-off versus Dylan Larkin in neutral zone.
6:05 of 3rd period - Shot by Kevin Shattenkirk.
6:05 of 3rd period - Stopped by Jake Allen with a rebound.
6:27 of 3rd period - Shot by Johnny Gaudreau.
6:27 of 3rd period - Stopped by Jake Allen without a rebound.
6:28 of 3rd period - Derek Stepan wins face-off versus Travis Zajac in Avalanche zone.
6:37 of 3rd period - Erik Gudbranson is hit by Mats Zuccarello and loses puck.
6:46 of 3rd period - Troy Stecher is hit by Travis Zajac and loses puck.
7:44 of 3rd period - Shot by Michael Grabner.
7:44 of 3rd period - Deflect By Patric Hornqvist.
7:44 of 3rd period - Stopped by Jake Allen without a rebound.
7:45 of 3rd period - Jeff Carter wins face-off versus Dylan Larkin in Avalanche zone.
7:52 of 3rd period - Shot by Jeff Carter.
7:52 of 3rd period - Deflect By Johnny Gaudreau.
7:52 of 3rd period - Shot Misses the Net.
7:58 of 3rd period - Shot by Johnny Gaudreau.
7:58 of 3rd period - Stopped by Jake Allen with a rebound.
8:06 of 3rd period - Shot by Dylan Larkin.
8:06 of 3rd period - Shot Misses the Net.
8:19 of 3rd period - Tomas Hertl is hit by Kevin Shattenkirk and loses puck.
8:22 of 3rd period - Shot by Dylan Larkin.
8:22 of 3rd period - Stopped by Kari Lehtonen with a rebound.
8:24 of 3rd period - Shot by Tomas Hertl.
8:24 of 3rd period - Shot Misses the Net.
8:26 of 3rd period - Shot by Alexander Steen.
8:26 of 3rd period - Stopped by Kari Lehtonen without a rebound.
8:27 of 3rd period - Henrik Zetterberg wins face-off versus David Krejci in Lightning zone.
8:50 of 3rd period - Shot by Patric Hornqvist.
8:50 of 3rd period - Shot Misses the Net.
9:14 of 3rd period - Icing by Jaccob Slavin.
9:15 of 3rd period - Travis Zajac wins face-off versus David Krejci in Avalanche zone.
9:32 of 3rd period - Shot by Travis Zajac.
9:32 of 3rd period - Deflect By Chris Kunitz.
9:32 of 3rd period - Stopped by Jake Allen without a rebound.
9:33 of 3rd period - Dylan Larkin wins face-off versus Jeff Carter in Avalanche zone.
10:41 of 3rd period - Shot by Henrik Zetterberg.
10:41 of 3rd period - Shot Misses the Net.
11:09 of 3rd period - Travis Zajac is hit by Mats Zuccarello and loses puck.
11:18 of 3rd period - Andrew MacDonald is hit by Chris Kunitz and loses puck.
11:37 of 3rd period - Shot by David Schlemko.
11:37 of 3rd period - Stopped by Jake Allen without a rebound.
11:38 of 3rd period - Jeff Carter wins face-off versus Henrik Sedin in Avalanche zone.
11:49 of 3rd period - Shot by Henrik Sedin.
11:49 of 3rd period - Stopped by Kari Lehtonen without a rebound.
11:50 of 3rd period - Henrik Zetterberg wins face-off versus David Krejci in Lightning zone.
11:55 of 3rd period - Jaccob Slavin is hit by Michael Grabner and loses puck.
11:59 of 3rd period - Icing by Jaccob Slavin.
12:00 of 3rd period - Jeff Carter wins face-off versus David Krejci in Avalanche zone.
12:06 of 3rd period - Off-side.
12:07 of 3rd period - Henrik Zetterberg wins face-off versus Dylan Larkin in neutral zone.
12:22 of 3rd period - Shot by Michael Grabner.
12:22 of 3rd period - Stopped by Jake Allen without a rebound.
12:23 of 3rd period - Jeff Carter wins face-off versus Henrik Sedin in Avalanche zone.
12:56 of 3rd period - Shot by Johnny Gaudreau.
12:56 of 3rd period - Shot Misses the Net.
13:22 of 3rd period - Minor Penalty to Dylan Larkin for Holding.
13:23 of 3rd period - Henrik Zetterberg wins face-off versus Alexander Steen in Avalanche zone.
13:26 of 3rd period - Shot by Patric Hornqvist.
13:26 of 3rd period - Shot Misses the Net.
13:28 of 3rd period - Shot by Michael Grabner.
13:28 of 3rd period - Stopped by Jake Allen without a rebound.
13:29 of 3rd period - Henrik Zetterberg wins face-off versus Alexander Steen in Avalanche zone.
13:56 of 3rd period - Shot by Patric Hornqvist.
13:56 of 3rd period - Shot Misses the Net.
13:58 of 3rd period - Shot by Trevor Daley.
13:58 of 3rd period - Shot Blocked by Alexander Steen.
14:00 of 3rd period - Shot by Michael Grabner.
14:00 of 3rd period - Stopped by Jake Allen without a rebound.
14:01 of 3rd period - Jeff Carter wins face-off versus Alexander Steen in Avalanche zone.
14:02 of 3rd period - Shot by Johnny Gaudreau.
14:02 of 3rd period - Stopped by Jake Allen without a rebound.
14:03 of 3rd period - Jeff Carter wins face-off versus Alexandre Burrows in Avalanche zone.
14:22 of 3rd period - Shot by Kevin Shattenkirk.
14:22 of 3rd period - Shot Blocked by Jaccob Slavin.
14:24 of 3rd period - Shot by Andrej Sekera.
14:24 of 3rd period - Stopped by Jake Allen without a rebound.
14:25 of 3rd period - Henrik Zetterberg wins face-off versus Alexandre Burrows in Avalanche zone.
14:26 of 3rd period - Shot by Trevor Daley.
14:26 of 3rd period - Stopped by Jake Allen without a rebound.
14:27 of 3rd period - Henrik Zetterberg wins face-off versus Alexandre Burrows in Avalanche zone.
14:52 of 3rd period - Shot by Deryk Engelland.
14:52 of 3rd period - Stopped by Jake Allen without a rebound.
14:53 of 3rd period - Jeff Carter wins face-off versus Alexander Steen in Avalanche zone.
14:53 of 3rd period - Jeff Carter is hit by Sami Vatanen.
14:57 of 3rd period - Shot by Logan Couture.
14:57 of 3rd period - Shot Misses the Net.
15:23 of 3rd period - Ryan Dzingel is hit by Chris Kunitz and loses puck.
15:31 of 3rd period - Chris Kunitz is hit by Matt Grzelcyk and loses puck.
16:26 of 3rd period - Shot by Mats Zuccarello.
16:26 of 3rd period - Stopped by Kari Lehtonen without a rebound.
16:27 of 3rd period - Jeff Carter wins face-off versus Henrik Sedin in Lightning zone.
16:44 of 3rd period - Shot by Jeff Carter.
16:44 of 3rd period - Deflect By Johnny Gaudreau.
16:44 of 3rd period - Shot Misses the Net.
17:05 of 3rd period - Icing by Andrej Sekera.
17:06 of 3rd period - Dylan Larkin wins face-off versus Jeff Carter in Lightning zone.
17:06 of 3rd period - Jaccob Slavin is hit by Andrej Sekera and loses puck.
17:33 of 3rd period - Off-side.
17:34 of 3rd period - Derek Stepan wins face-off versus Henrik Zetterberg in neutral zone.
17:34 of 3rd period - Derek Stepan is hit by Patric Hornqvist.
18:00 of 3rd period - Michael Grabner is hit by Mats Zuccarello and loses puck.
18:08 of 3rd period - Derek Stepan is hit by Patric Hornqvist and loses puck.
18:56 of 3rd period - Shot by Alexander Steen.
18:56 of 3rd period - Stopped by Kari Lehtonen without a rebound.
18:57 of 3rd period - Johnny Gaudreau wins face-off versus Mitch Marner in Lightning zone.
19:49 of 3rd period - Sami Vatanen is hit by Jeff Carter and loses puck.
Goals for this period are 0 for Avalanche vs 0 for Lightning.
Shots for this period are 12 for Avalanche vs 16 for Lightning.